 Dungeon Crawl Stone Soup version 0.29.1-15-g9cfb28693d (webtiles) character file.

Game seed: 8827315165543307075

30 growler the Insei (level 3, -1/39 HPs)
             Began as a Merfolk Transmuter on Mar 22, 2023.
             Slain by a gnoll
             ... wielding a +0 club
              (5 damage)
             ... on level 2 of the Dungeon.
             The game lasted 00:02:07 (238 turns).

growler the Insei (Merfolk Transmuter)               Turns: 238, Time: 00:02:07

Health: -1/39      AC: 21    Str: 10    XL:     3   Next: 18%
Magic:  4/6        EV:  2    Int: 14    God:
Gold:   40         SH:  0    Dex: 14    Spells: 3/6 levels left

rFire   . . .      SeeInvis .     - Unarmed
rCold   . . .      Faith    .   (no shield)
rNeg    . . .      Spirit   .   (body armour currently unavailable)
rPois   +          Reflect  .   (helmet currently unavailable)
rElec   .          Harm     .   (cloak currently unavailable)
rCorr   .          Rampage  .   (gloves currently unavailable)
Will    .....      NoTele   +   (boots currently unavailable)
Stlth   +.........              (no amulet)
HPRegen 0.13/turn               (no ring)
MPRegen 0.10/turn               (no ring)

@: tree-form, wereblooded
A: stationary, stasis, torment immunity, boosted hp, (nimble swimmer 2),
(mertail)
a: no special abilities


You were on level 2 of the Dungeon.
You were a tree.
You visited 1 branch of the dungeon, and saw 2 of its levels.

You collected 40 gold pieces.

Inventory:

Armour
 a - a +0 robe (melded)


   Skills:
 - Level 1.2 Fighting
 - Level 2.8 Dodging
 + Level 3.7 Unarmed Combat
 + Level 2.4 Spellcasting
 + Level 3.4 Transmutations


You had 3 spell levels left.
You knew the following spells:

 Your Spells              Type           Power      Damage    Failure   Level
a - Beastly Appendage     Tmut           22%        N/A       5%          1
b - Wereblood             Tmut           11%        N/A       9%          2

Your spell library contained the following spells:

 Spells                   Type           Power      Damage    Failure   Level
 Spider Form              Tmut/Pois      6%         N/A       34%         3
 Ice Form                 Ice/Tmut       6%         N/A       75%         4


Dungeon Overview and Level Annotations

Branches:
Dungeon (2/15)

Altars:

Annotations:
D:2 Sigmund


Innate Abilities, Weirdness & Mutations

You are a tree.
Your roots penetrate the ground, keeping you stationary.
You cannot be teleported.
You are immune to unholy pain and torment.
Your maximum health is greatly increased.
Your equipment is partially melded.
((You are very nimble when in or above water. (Stealth+, EV+, Speed+++)))
((Your lower body shifts to a powerful aquatic tail in water.))


Message History

You completely miss the jackal.
The jackal bites you but does no damage.
You hit the jackal.
The jackal is heavily wounded.
The jackal bites you but does no damage. x2
You barely miss the jackal.
The jackal is heavily wounded.
The jackal bites you but does no damage.
You hit the jackal.
You feel a bit better.
You kill the jackal!
An adder comes into view.
You smack the gnoll!
You feel a bit better.
You kill the gnoll!
You hit the gnoll.
The gnoll is lightly wounded.
The gnoll hits you but does no damage.
You hit the adder.
The adder is lightly wounded.
The adder bites you but does no damage. The gnoll hits you but does no damage.
You closely miss the adder.
The adder is lightly wounded.
The adder bites you.
* * * LOW HITPOINT WARNING * * *
The gnoll hits you but does no damage. The adder bites you but does no damage.
You closely miss the adder.
The adder is lightly wounded.
You creak as the wereblood boils in your veins!
The gnoll hits you but does no damage. The adder bites you but does no damage.
You smack the adder!
You feel a bit better.
You kill the adder!
The gnoll hits you with a +0 club.
* * * LOW HITPOINT WARNING * * *
You have reached level 3!
Your experience leads to an increase in your attributes!
Increase (S)trength, (I)ntelligence, or (D)exterity?
You feel clever. x2
You hit the gnoll.
The gnoll is heavily wounded.
The gnoll hits you with a +0 club.
You die...

##### # ...#
####.##.####
.......g...#####
######
##..##h##..##.##
#....# #h###h##..#
#....# #g###..h.h#
#....#
#.♣######h####....#
#..#†...#
#.S!##....#
##..###.#
#.........# ##. #
#.......... #.
#..###.....# ..
#..## #.>...# ##
...# #...... ..##
#.#..## .. #.#.##


You could see 2 gnolls and 2 jackals.

Vanquished Creatures
  A gnoll (D:2)
  An adder (D:2)
  A dart slug (D:1)
  A ball python (D:1)
  A bat (D:1)
  2 goblins (D:1)
  A jackal (D:2)
  A kobold (D:2)
9 creatures vanquished.

Notes
Turn   | Place    | Note
-------+----------+-------------------------------------------
     0 | D:1      | growler the Merfolk Transmuter began the quest for the Orb.
     0 | D:1      | Reached XP level 1. HP: 15/15 MP: 3/3
   144 | D:1      | Reached XP level 2. HP: 19/21 MP: 3/5
   147 | D:1      | Learned a level 2 spell: Wereblood
   200 | D:1      | You fall into a shaft and drop 1 floor!
   204 | D:2      | Noticed Sigmund
   223 | D:2      | HP: 1/21 [jackal (3)]
   238 | D:2      | Reached XP level 3. HP: 4/26 MP: 4/6
   238 | D:2      | Slain by a gnoll

Illustrated notes

Levels and vault maps discovered:
D:1:      minmay_arrival_jagged, layout_basic,
          hellmonk_ecumenical_altar_defaced_shrine, serial_shops,
          nicolae_shop_behind_doors
D:2:      layout_rooms, basic_altar, uniq_sigmund, uniq_natasha, uniq_jessica

Skill      XL: |  1  2 |
---------------+-------+-----
Transmutations | 3 |  3.4
Fighting       | |  1.2
Dodging        | |  2.8
Unarmed Combat | |  3.7
Spellcasting   | |  2.4

Action                   || total
-------------------------++-------
Melee: Unarmed           ||    26
       Headbutt          ||     3
 Cast: Beastly Appendage ||     5
       Wereblood         ||     1
  Use: Potion            ||     1
Armor: Robe              ||     4
       Skin              ||    14
Dodge: Dodged            ||    25
